 Dungeon Crawl Stone Soup version 0.22-a0-617-g6d95e9e (webtiles) character file.

6893 Supahsalami the Cleaver (level 10, -9/91 HPs)
             Began as a Minotaur Berserker on July 12, 2018.
             Was an Elder of Trog.
             Mangled by Prince Ribbit (10 damage)
             ... on level 1 of the Lair of Beasts.
             The game lasted 00:37:43 (11344 turns).

Supahsalami the Cleaver (Minotaur Berserker)       Turns: 11344, Time: 00:37:44

Health: -9/91      AC: 11    Str: 23    XL:     10   Next: 79%
Magic:  11/11      EV: 11    Int:  5    God:    Trog [****..]
Gold:   336        SH:  0    Dex: 11    Spells: 9/9 levels left

rFire    + . .     SeeInvis +   a - +0 morningstar (crush)
rCold    . . .     Gourm    .   (no shield)
rNeg     . . .     Faith    .   r - +0 ring mail
rPois    .         Spirit   .   (helmet restricted)
rElec    .         Reflect  .   i - +2 cloak
rCorr    .         Harm     .   q - +0 pair of gloves
MR       ++...                  (no boots)
Stlth    +.........             (no amulet)
HPRegen  1.25/turn              F - ring of see invisible
MPRegen  0.12/turn              e - ring of protection from fire

@: berserk cooldown, regenerating, slowed, very slow
A: retaliatory headbutt, horns 2
a: Berserk, Trog's Hand, Brothers in Arms, Renounce Religion


You were on level 1 of the Lair of Beasts.
You worshipped Trog.
Trog was greatly pleased with you.
You were very hungry.

You visited 2 branches of the dungeon, and saw 11 of its levels.

You collected 539 gold pieces.
You spent 203 gold pieces at shops.

Inventory:

Hand Weapons
 a - a +0 morningstar of crushing (weapon)
 b - a +0 arbalest
 h - a +1 vampiric dagger
 u - the +8 war axe of Vokhlalerr {vamp, rF+++ MR++ Stlth-, unknown}
   (You found it on level 1 of the Lair of Beasts)

   It inflicts no extra harm, but heals its wielder when it wounds a living foe.
   It renders you almost immune to fire.
   It affects your resistance to hostile enchantments.
   It makes you less stealthy.
 C - a +0 war axe
 D - a +0 vampiric hand axe
 O - a +5 trident
Missiles
 l - 9 tomahawks (quivered)
 K - 18 bolts
Armour
 i - a +2 cloak (worn)
 q - a +0 pair of gloves (worn)
 r - a +0 ring mail (worn)
 w - a +0 large shield
Jewellery
 e - a ring of protection from fire (right hand)
 t - an uncursed ring of protection from fire
 F - a ring of see invisible (left hand)
 M - an uncursed ring of flight
Wands
 f - a wand of iceblast (18)
 y - a wand of flame (25)
 Q - a wand of random effects (10)
Scrolls
 d - 2 scrolls of silence {unknown}
 k - 2 scrolls of immolation {unknown}
 n - 2 scrolls of fog
 v - 3 scrolls of teleportation
 x - 2 scrolls of remove curse
 z - 2 scrolls of random uselessness {unknown}
 B - 2 scrolls of magic mapping
 E - 2 scrolls of enchant weapon {unknown}
 G - 2 scrolls of blinking
 H - a scroll of enchant armour {unknown}
 J - a scroll of fear
 S - a scroll of acquirement {unknown}
Potions
 g - a potion of mutation
 j - a potion of curing
 m - 2 potions of agility
 o - 3 potions of resistance
 p - 2 potions of berserk rage
 s - 4 potions of heal wounds
 A - 2 potions of lignification
 I - a potion of magic
 L - a potion of might {unknown}
 N - a potion of ambrosia {unknown}
 T - a potion of flight {unknown}
Miscellaneous
 P - a box of beasts
Comestibles
 c - 18 rations
 R - 5 chunks of flesh


   Skills:
 + Level 9.4 Fighting
 * Level 12.5 Axes
 + Level 9.1 Armour
 - Level 2.2 Dodging
 + Level 8.1 Shields
 + Level 3.3 Evocations


You had 9 spell levels left.
You didn't know any spells.
Your spell library contained the following spells:

 Spells                   Type           Power        Failure   Level  Hunger
 Deflect Missiles         Chrm/Air       #.........   100%        6    #######
 Silence                  Hex/Air        #.........   100%        5    ######.
 Conjure Ball Lightning   Conj/Air       #.........   100%        6    #######
 Tornado                  Air            #.........   100%        9    #######
 Summon Lightning Spire   Summ/Air       #.......     100%        4    #####..


Dungeon Overview and Level Annotations

Branches:
Dungeon (10/15)            Temple (0/1) D:7            Lair (1/6) D:9
    Orc (0/2) D:9

Altars:
Gozag
Makhleb
Nemelex Xobeh
Ru
Wu Jian
Xom
Yredelemnul

Shops:
D:9 ?

Annotations:
Lair:1 Prince Ribbit


Innate Abilities, Weirdness & Mutations

You reflexively headbutt those who attack you in melee.
You have a pair of horns on your head.


Message History

The blink frog blinks!
You feel your anger nearly subside.
You are no longer berserk.
You are exhausted.
You feel yourself slow down.
Prince Ribbit blinks!
You closely miss Prince Ribbit.
Prince Ribbit is heavily wounded.
Prince Ribbit closely misses you. You furiously retaliate!
You headbutt Prince Ribbit. Prince Ribbit closely misses you.
You miss Prince Ribbit.
Prince Ribbit is heavily wounded.
Prince Ribbit barely misses you. The blink frog hits you.
* * * LOW HITPOINT WARNING * * *
Prince Ribbit hits you!
* * * LOW HITPOINT WARNING * * *
The blink frog hits you.
* * * LOW HITPOINT WARNING * * *
Prince Ribbit hits you!
You die...

## #.$.## ###..
#.######....##P....
#.................
##.....FF.ยง.....#
#....###......###
##..## #..#.P##
#...# #..#### #FF##
#..# #.@# #..#
#...# ##..##
#..#.###....# #..
###.....## #..
#........##
###...........#
.##........######
###............
###..........


You could see Prince Ribbit and a blink frog.

Vanquished Creatures
  A two-headed ogre (D:7)
  Pikel (D:7)
  Maurice (D:7)
  A freezing wraith (D:9)
  3 blink frogs (Lair:1)
  3 hippogriffs
  A wraith (D:10)
  A hungry ghost (D:7)
  3 water moccasins
  2 slaves (D:7)
  3 orc warriors
  A phantom (D:8)
  2 ice beasts
  5 ogres
  5 centaurs
  A crocodile (Lair:1)
  2 big kobolds
  3 bullfrogs
  A gnoll sergeant (D:9)
  A scorpion (D:4)
  A wyvern skeleton (D:10)
  3 killer bees (D:9)
  4 wights (D:6)
  A centaur zombie (D:9)
  2 bullfrog zombies
  5 crimson imps
  3 hounds
  A jelly (D:10)
  4 orc priests
  2 iguanas
  6 orc wizards
  5 worker ants
  3 hound skeletons
  A worker ant zombie (D:6)
  13 adders
  5 gnolls (D:9)
  5 shadow imps
  3 oozes
  An adder skeleton (D:4)
  2 worms (D:2)
  2 dart slugs
  10 leopard geckos
  32 orcs
  3 ball pythons
  6 giant cockroaches
  7 goblins
  9 hobgoblins
  5 jackals
  A quokka (D:4)
  A ball python zombie (D:5)
  5 bats
  5 frilled lizards
  10 kobolds
  A quokka skeleton (D:8)
  A quokka zombie (D:7)
  8 rats
217 creatures vanquished.

Vanquished Creatures (others)
  A slave (D:7)
  An ogre (D:7)
  An orc wizard (D:7)
  An adder (D:7)
  A shadow imp (D:7)
5 creatures vanquished.

Grand Total: 222 creatures vanquished

Notes
Turn   | Place    | Note
-------+----------+-------------------------------------------
     0 | D:1      | Supahsalami the Minotaur Berserker began the quest for the Orb.
     0 | D:1      | Reached XP level 1. HP: 19/19 MP: 0/0
   316 | D:1      | Reached skill level 4 in Axes
   316 | D:1      | Reached XP level 2. HP: 27/27 MP: 1/1
   964 | D:2      | Reached XP level 3. HP: 32/33 MP: 2/2
  1200 | D:2      | Reached ** piety under Trog
  1280 | D:2      | Reached XP level 4. HP: 41/41 MP: 3/3
  1350 | D:2      | Found an ornate altar of the Wu Jian Council.
  1445 | D:2      | Reached skill level 5 in Axes
  1698 | D:2      | Found a burning altar of Makhleb.
  1737 | D:2      | Found a sparkling altar of Nemelex Xobeh.
  2666 | D:3      | Reached XP level 5. HP: 46/47 MP: 4/4
  3133 | D:4      | Reached skill level 1 in Shields
  3134 | D:4      | HP: 1/47 [orc priest/divine providence (15)]
  3139 | D:4      | Reached skill level 5 in Fighting
  3139 | D:4      | Reached skill level 6 in Axes
  3383 | D:4      | Reached XP level 6. HP: 51/56 MP: 5/5
  3588 | D:4      | Reached *** piety under Trog
  3976 | D:5      | Entered Level 5 of the Dungeon
  4250 | D:5      | Reached XP level 7. HP: 34/61 MP: 6/6
  4506 | D:5      | Reached skill level 7 in Axes
  4783 | D:5      | Reached skill level 5 in Armour
  4980 | D:5      | You fall through a shaft for 3 floors!
  4980 | D:8      | Noticed a hippogriff
  4980 | D:8      | Noticed a hungry ghost
  4984 | D:8      | Killed a hippogriff
  4984 | D:8      | Reached skill level 8 in Axes
  4987 | D:8      | Noticed Maurice
  4990 | D:8      | Noticed a wyvern
  4991 | D:8      | Noticed a hippogriff
  5023 | D:7      | Killed a hungry ghost
  5023 | D:7      | Reached XP level 8. HP: 67/71 MP: 7/7
  5066 | D:7      | Found a staircase to the Ecumenical Temple.
  5075 | D:7      | Noticed Pikel
  5086 | D:7      | Killed Pikel
  5086 | D:7      | Reached skill level 9 in Axes
  5269 | D:6      | Found a basalt altar of Yredelemnul.
  5269 | D:6      | Found a shimmering altar of Xom.
  5307 | D:6      | Reached skill level 5 in Shields
  6014 | D:6      | Reached XP level 9. HP: 54/79 MP: 8/8
  6305 | D:6      | Reached skill level 10 in Axes
  7013 | D:7      | Reached **** piety under Trog
  7775 | D:8      | Reached skill level 11 in Axes
  7823 | D:8      | Noticed a two-headed ogre
  8644 | D:8      | Reached skill level 1 in Evocations
  8878 | D:9      | Found an opulent altar of Gozag.
  8933 | D:9      | Found a staircase to the Orcish Mines.
  9407 | D:9      | Found a staircase to the Lair.
  9428 | D:9      | Found Xiabemed's Magic Scroll Emporium.
  9434 | D:9      | Bought a scroll of fog for 28 gold pieces
  9434 | D:9      | Bought a scroll of teleportation for 42 gold pieces
  9434 | D:9      | Bought a scroll of identify for 28 gold pieces
  9434 | D:9      | Bought a scroll of blinking for 105 gold pieces
  9531 | D:10     | Entered Level 10 of the Dungeon
  9641 | D:10     | Reached XP level 10. HP: 56/90 MP: 8/10
  9655 | D:10     | Noticed a wizard
 10448 | D:10     | Noticed a cyclops
 10675 | D:7      | Killed a two-headed ogre
 10675 | D:7      | Reached skill level 12 in Axes
 10789 | D:7      | Found a staircase to the Ecumenical Temple.
 10877 | D:7      | Killed Maurice
 10985 | Lair:1   | Entered Level 1 of the Lair of Beasts
 11022 | Lair:1   | Found a sacrificial altar of Ru.
 11179 | Lair:1   | Got a bloodstained war axe
 11314 | Lair:1   | Noticed Prince Ribbit
 11344 | Lair:1   | HP: 2/91 [Prince Ribbit (12)]
 11344 | Lair:1   | Mangled by Prince Ribbit

Vault maps used:
D:1:      dpeg_arrival_arbitrary_a, minmay_tromino_i4
D:2:      overflow_temple_1_default, lemuel_doored_altar, minivault_5,
          nemelex_dance_club_becter
D:5:      first_ration
D:6:      gammafunk_temple_overflow_elements
D:7:      minmay_temple_entry_statues_pillars, uniq_pikel
D:8:      blue_anna_alchemist, uniq_maurice
D:9:      lair_entry_dummy, david_orc_2, serial_shops, nicolae_shop_stone,
          basic_altar
D:10:     minmay_cut_squares, hangedman_abyss_or_decor_stagger
Lair:1:   basic_altar, st_stairs_6, uniq_prince_ribbit2, uniq_sonja

Skill      XL: |  1  2  3  4  5  6  7  8  9 10 |
---------------+-------------------------------+-----
Axes           | 4 5 6 8 9 11 12 | 12.5
Fighting       | 4 5 6 7 8 9 |  9.4
Armour         | 3 4 5 6 8 9 |  9.1
Shields        | 1 2 4 5 7 8 |  8.1
Evocations     | 1 3 |  3.3
Dodging        | |  2.2

Action                   |  1- 3 |  4- 6 |  7- 9 | 10-12 || total
-------------------------+-------+-------+-------+-------++-------
Melee: Hand axe          |    39 |       |       |       ||    39
       Headbutt          |    11 |    14 |    47 |    16 ||    88
       War axe           |    25 |   120 |   227 |       ||   372
       Morningstar       |       |       |    37 |    83 ||   120
       Arbalest          |       |       |     1 |       ||     1
 Fire: Arbalest          |       |       |    49 |       ||    49
Throw: Tomahawk          |       |       |     4 |     1 ||     5
Invok: Trog's Hand       |       |     1 |     1 |     4 ||     6
       Berserk           |       |     1 |     5 |     4 ||    10
       Brothers in Arms  |       |       |     1 |       ||     1
Evoke: Wand              |       |       |     4 |     5 ||     9
  Use: Scroll            |       |     6 |    11 |     1 ||    18
       Potion            |       |       |       |     1 ||     1
 Stab: Sleeping          |       |     1 |       |       ||     1
  Eat: Chunk             |     1 |    11 |    18 |     7 ||    37
       Ration            |       |       |     2 |     1 ||     3
Armor: Leather armour    |    16 |    19 |       |       ||    35
       Animal skin       |     1 |       |       |       ||     1
       Ring mail         |       |    22 |   102 |    49 ||   173
Dodge: Dodged            |    53 |    66 |   160 |    68 ||   347

Table legend:
 A = Spawn XP
 B = Non-spawn XP
 C = Spawn XP percentage of total XP
 D = Spawn monster count
 E = Non-spawn monster count
 F = Spawn count percentage of total count
 G = Total turns spent on level
                    A         B        C        D         E        F      G
               +---------+---------+-------+---------+---------+-------+---------
         Total |       0 |    9848 |   0.0 |       0 |     216 |   0.0 | 11344
               +---------+---------+-------+---------+---------+-------+---------
           D:1 |       0 |      36 |   0.0 |       0 |      19 |   0.0 |   934
           D:2 |       0 |     107 |   0.0 |       0 |      30 |   0.0 |  1159
           D:3 |       0 |      66 |   0.0 |       0 |      18 |   0.0 |  1056
           D:4 |       0 |     352 |   0.0 |       0 |      22 |   0.0 |   911
           D:5 |       0 |     559 |   0.0 |       0 |      19 |   0.0 |  1141
           D:6 |       0 |     889 |   0.0 |       0 |      18 |   0.0 |  1226
           D:7 |       0 |    2865 |   0.0 |       0 |      26 |   0.0 |  1433
           D:8 |       0 |    1628 |   0.0 |       0 |      22 |   0.0 |  1331
           D:9 |       0 |     989 |   0.0 |       0 |      25 |   0.0 |  1576
          D:10 |       0 |     721 |   0.0 |       0 |       8 |   0.0 |   218
        Lair:1 |       0 |    1636 |   0.0 |       0 |       9 |   0.0 |   359
               +---------+---------+-------+---------+---------+-------+---------
